 Dungeon Crawl Stone Soup version 0.17.1-3-g152610e (webtiles) character file.

148 Blunderbuss the Sneak (level 5, 0/24 HPs)
             Began as a Spriggan Enchanter on Apr 8, 2016.
             Slain by a gnoll (5 damage)
             ... on level 4 of the Dungeon.
             The game lasted 00:09:57 (2233 turns).

Blunderbuss the Sneak (Spriggan Enchanter)          Turns: 2233, Time: 00:09:58

Health: 0/24       AC:  3    Str:  5    XL:     5   Next: 8%
Magic:  3/11       EV: 19    Int: 16    God:
Gold:   50         SH:  0    Dex: 17    Spells: 2 memorised, 7 levels left

rFire  . . .     SeeInvis +     a - +1 dagger
rCold  . . .     Clarity  .     b - +1 robe
rNeg   . . .     SustAt   .     (shield restricted)
rPois  .         Gourm    .     (helmet restricted)
rElec  .         Spirit   .     (no cloak)
rCorr  .         Warding  .     (gloves unavailable)
rMut   .         Stasis   .     (boots unavailable)
MR     .....                    (no amulet)
Stlth  ++++......               (no ring)
                                (no ring)

@: very quick, not resistant to hostile enchantments, stealthy
A: unfitting armour, see invisible, herbivore 3, speed 3, slow metabolism 2
a: no special abilities


You were on level 4 of the Dungeon.
You were not hungry.

You visited 1 branch of the dungeon, and saw 4 of its levels.

You collected 50 gold pieces.

Inventory:

Hand Weapons
 a - a +1 dagger (weapon)
Armour
 b - a +1 robe (worn)
Scrolls
 f - a scroll of identify
 h - a scroll of immolation {unknown}
 j - 2 scrolls of fear {unknown}
 k - a scroll of enchant weapon {unknown}
 l - a scroll of fog {unknown}
Potions
 e - a potion of lignification {unknown}
 i - a potion of curing
 m - a potion of cancellation {unknown}
Books
 c - a book of Maledictions

   Spells                             Type                      Level
   a - Corona                         Hexes                        1
   b - Ensorcelled Hibernation        Hexes/Ice                    2
   c - Confuse                        Hexes                        3
   d - Tukima's Dance                 Hexes                        3
   e - Dazzling Spray                 Conjuration/Hexes            3
Comestibles
 d - 2 bread rations


   Skills:
 + Level 0.1 Fighting
 + Level 1.3 Short Blades
 + Level 3.9 Dodging
 + Level 6.5 Stealth
 + Level 3.4 Spellcasting
 + Level 4.4 Hexes
 + Level 1.0 Ice Magic


You had 7 spell levels left.
You knew the following spells:

 Your Spells              Type           Power        Failure   Level  Hunger
a - Ensorcelled Hibernat  Hex/Ice        ##....       10%         2    ##.....
b - Corona                Hex            ###....      3%          1    None


Dungeon Overview and Level Annotations

Branches:
Dungeon (4/15)
 Temple: D:4-7

Altars:
The Shining One

Annotations:
D:3 Robin
D:4 Natasha


Innate Abilities, Weirdness & Mutations

You are tiny and cannot use many weapons and most armour.
You have supernaturally acute eyesight.
You are a herbivore.
You cover ground extremely quickly.
You need consume almost no food.


Message History

The jackal is moderately wounded.
The jackal barely misses you.
You hit the jackal.
The jackal is almost dead.
The jackal barely misses you. The jackal misses you.
You hit the jackal.
You kill the jackal!
The gnoll hits you.
You barely miss the giant gecko. The giant gecko closely misses you.
The gnoll closely misses you.
You closely miss the giant gecko.
The giant gecko bites you but does no damage.
The gnoll completely misses you.
You closely miss the giant gecko. The giant gecko misses you.
The orc priest invokes the aid of Beogh against you.
Something smites you!
Ouch! That really hurt!
* * * LOW HITPOINT WARNING * * *
The gnoll hits you.
You die...

.. ##....# ..## #oo...# ...
......### ..# #o....#.. #.#
#........ . #.# #..(...#
....########.###......# #
.....o.oog@lh......?.# .
....g#######.###.....#####.
..( #.##......##.... .
###.#...######...#
#.......#..g.....#
..###..?..##....##
.....l..##......<
.......#h%........
.#................


You could see an orc priest, 2 gnolls, 2 orcs, a giant gecko and a jackal.

Vanquished Creatures
  A giant frog (D:3)
  Jessica (D:3)
  An adder (D:2)
  An orc (D:3)
  2 ball pythons (D:2)
  4 bats
  9 hobgoblins
  3 jackals
  7 kobolds
  2 giant newts (D:1)
  14 goblins
  4 rats
49 creatures vanquished.

Notes
Turn   | Place    | Note
--------------------------------------------------------------
     0 | D:1      | Blunderbuss the Spriggan Enchanter began the quest for the Orb.
     0 | D:1      | Reached XP level 1. HP: 9/9 MP: 5/5
   430 | D:1      | Reached XP level 2. HP: 5/13 MP: 6/6
   434 | D:1      | Learned a level 2 spell: Ensorcelled Hibernation
  1263 | D:2      | Reached skill level 5 in Stealth
  1306 | D:2      | Reached XP level 3. HP: 16/16 MP: 0/8
  1910 | D:3      | Found a glowing golden altar of the Shining One.
  1939 | D:3      | Noticed Robin
  1950 | D:3      | Noticed a giant frog
  1972 | D:3      | Noticed Jessica
  2068 | D:3      | Killed Jessica
  2068 | D:3      | Reached skill level 6 in Stealth
  2068 | D:3      | Reached XP level 4. HP: 21/21 MP: 4/9
  2135 | D:3      | Killed a giant frog
  2135 | D:3      | Reached skill level 1 in Ice Magic
  2135 | D:3      | Reached XP level 5. HP: 24/24 MP: 5/11
  2200 | D:4      | Noticed Natasha
  2233 | D:4      | Slain by a gnoll

Action                   |  1- 3 |  4- 6 || total
-------------------------+-------+-------++-------
Melee: Dagger            |    83 |    26 ||   109
 Cast: Ensorcelled Hiber |    20 |     7 ||    27
       Corona            |     2 |       ||     2
  Use: Scroll            |     2 |       ||     2
       Potion            |     1 |       ||     1
 Stab: Sleeping          |    27 |     6 ||    33
